 Dungeon Crawl Stone Soup version 0.25-a0-294-gea9b1ad378 (webtiles) character file.

Game seed: 8442895918059743086, levelgen mode: deterministic

283 Error4North the Shield-Bearer (level 6, -4/53 HPs)
             Began as a Hill Orc Fighter on Dec 17, 2019.
             Killed by divine providence
             ... invoked by an orc priest
              (11 damage)
             ... on level 4 of the Dungeon.
             The game lasted 00:17:37 (2580 turns).

Error4North the Shield-Bearer (Hill Orc Fighter)    Turns: 2580, Time: 00:17:37

Health: -4/53      AC: 10    Str: 24    XL:     6   Next: 28%
Magic:  8/8        EV:  6    Int:  5    God:
Gold:   174        SH:  0    Dex: 10    Spells: 7/7 levels left

rFire    . . .     SeeInvis .   a - +0 war axe
rCold    . . .     Gourm    .   c - +0 shield
rNeg     . . .     Faith    .   w - +0 chain mail
rPois    .         Spirit   .   l - +0 helmet
rElec    .         Reflect  .   (no cloak)
rCorr    .         Harm     .   (no gloves)
MR       .....                  (no boots)
Stlth    ..........             (no amulet)
HPRegen  0.17/turn              i - ring of attention (curse)
MPRegen  0.11/turn              t - -5 ring of intelligence (curse)

@: confused, mighty, lethally poisoned (-4 -> -5)
A: no striking features
a: Convert to Beogh


You were on level 4 of the Dungeon.
You were hungry.

You visited 1 branch of the dungeon, and saw 4 of its levels.

You collected 174 gold pieces.

Inventory:

Hand Weapons
 a - a +0 war axe (weapon)
 x - a +0 hunting sling
Missiles
 g - 4 boomerangs (quivered)
 h - 76 stones
Armour
 c - a +0 shield (worn)
 l - a +0 helmet (worn)
 w - a +0 chain mail (worn)
Jewellery
 i - a cursed ring of attention (left hand)
 t - a cursed -5 ring of intelligence (right hand)
Scrolls
 b - a scroll of noise {unknown}
 e - 6 scrolls of identify {unknown}
 n - 4 scrolls of teleportation {unknown}
 p - a scroll of fog {unknown}
 q - a scroll of amnesia {unknown}
 r - a scroll of enchant armour {unknown}
 y - a scroll of remove curse {unknown}
Potions
 k - a potion of flight {unknown}
 m - a potion of ambrosia
 o - 2 potions of brilliance {unknown}
 s - a potion of mutation {unknown}
 u - a potion of curing {unknown}
 v - 3 potions of degeneration {unknown}
Comestibles
 f - 6 rations


   Skills:
 + Level 4.4 Fighting
 + Level 4.5 Axes
 + Level 1.3 Throwing
 * Level 4.2 Armour
 + Level 0.1 Dodging
 * Level 4.7 Shields
 * Level 1.4 Spellcasting


You had 7 spell levels left.
You didn't know any spells.
Your spell library was empty.

Dungeon Overview and Level Annotations

Branches:
Dungeon (4/15)             Temple (0/1) D:4

Altars:

Annotations:
D:3 3 runed translucent doors, Borgoz's ghost, amateur MiBe


Message History

You barely miss the ogre.
The ogre is heavily wounded.
You miss something.
You hear some strange, mumbled words.
You are confused.
The ogre hits you but does no damage.
You closely miss the ogre.
The ogre is heavily wounded.
You closely miss something.
You feel sick. Something hits you but does no damage.
The ogre hits you with a +0 giant club!!
* * * LOW HITPOINT WARNING * * *
Something hits you but does no damage. Something hits you but does no damage.
There is a fountain of clear blue water here.
Things that are here:
a +0 mace; a +0 scale mail; a jackal corpse The orc priest mumbles some strange prayers to Beogh against you.
Beogh smites you!
You die...

..#...# ...
......... ..#.#
........###..#.#
...............
........⌠8...#
...........#
#..>(⌠8..#
#.†{oO..#
#####@)8.###
#..........#
#..........#
#.......(..####.###
#########..<.......
#..........
#..........
###########


You could see an ogre and an orc priest.

Vanquished Creatures
  A bullfrog skeleton (D:4)
  An orc priest (D:2)
  A worker ant (D:4)
  4 gnolls (D:3)
  6 adders
  2 oozes
  A dart slug (D:1)
  2 worms
  A leopard gecko (D:1)
  8 orcs
  5 bats
  4 giant cockroaches
  9 goblins
  10 hobgoblins
  7 jackals
  8 kobolds
  A quokka (D:4)
  2 ball pythons
  A ball python skeleton (D:3)
  5 frilled lizards
  A leopard gecko skeleton (D:4)
  9 rats
89 creatures vanquished.

Notes
Turn   | Place    | Note
-------+----------+-------------------------------------------
     0 | D:1      | Error4North the Hill Orc Fighter began the quest for the
                  | Orb.
     0 | D:1      | Reached XP level 1. HP: 19/19 MP: 1/1
   117 | D:1      | Reached XP level 2. HP: 26/27 MP: 2/2
   339 | D:1      | Reached XP level 3. HP: 33/33 MP: 3/3
   971 | D:2      | Reached skill level 1 in Throwing
   978 | D:2      | Reached XP level 4. HP: 26/40 MP: 4/4
  1140 | D:2      | Reached skill level 1 in Spellcasting
  1301 | D:2      | Reached XP level 5. HP: 38/46 MP: 6/6
  2136 | D:3      | Noticed Borgoz's ghost (amateur MiBe)
  2248 | D:3      | Found a runed translucent gate.
  2249 | D:3      | Found a runed translucent gate.
  2250 | D:3      | Found a runed translucent gate.
  2485 | D:4      | Noticed an ogre
  2546 | D:4      | Found a staircase to the Ecumenical Temple.
  2555 | D:4      | Reached XP level 6. HP: 51/53 MP: 8/8
  2580 | D:4      | Killed from afar by an orc priest

Levels and vault maps discovered:
D:1:      dpeg_arrival_water_temple_mockup, layout_basic,
          corexii_item_surrounded_by_moat, minmay_unequal
D:2:      cheibrodos_pilgrimage, layout_rooms, first_ration, minmay_tetromino_l4
D:3:      layout_loops_ring, gammafunk_ghost_icy
D:4:      layout_rooms, marbit_many_paths, minmay_temple_entry_drinking_statues,
          lightli_ossuary_entry_decrepit_ruins, kennysheep_generic_room_7

Skill      XL: |  1  2  3  4  5 |
---------------+----------------+-----
Axes           | 3 4 |  4.5
Throwing       | 1 |  1.3
Fighting       | 4 |  4.4
Shields        | 4 |  4.7
Spellcasting   | 1 |  1.4
Armour         | 4 |  4.2
Dodging        | |  0.1

Action                   |  1- 3 |  4- 6 || total
-------------------------+-------+-------++-------
Melee: War axe           |    72 |   151 ||   223
 Fire: Hunting sling     |       |     5 ||     5
Throw: Boomerang         |    38 |    45 ||    83
  Use: Potion            |     1 |     3 ||     4
  Eat: Chunk             |       |     5 ||     5
Armor: Scale mail        |    32 |    46 ||    78
       Chain mail        |       |    45 ||    45
Dodge: Dodged            |    20 |    42 ||    62
Block: Shield            |    49 |   106 ||   155

Table legend:
 A = Non-vault XP
 B = Vault XP
 C = Vault XP percentage of total XP
 D = Non-vault monster count
 E = Vault monster count
 F = Vault count percentage of total count
                 A         B        C        D         E       F
            +---------+---------+-------+---------+---------+-------
      Total |     328 |      77 |  19.0 |      78 |      11 |  12.4
            +---------+---------+-------+---------+---------+-------
        D:1 |      41 |       8 |  16.3 |      21 |       3 |  12.5
        D:2 |      73 |      69 |  48.6 |      24 |       8 |  25.0
        D:3 |     113 |       0 |   0.0 |      20 |       0 |   0.0
        D:4 |     101 |       0 |   0.0 |      13 |       0 |   0.0
            +---------+---------+-------+---------+---------+-------
